 Dungeon Sprint DCSS version 0.26-a0-652-gafc20e3620 (webtiles) character file.

Game seed: 9507589529795248513

947 rocky1 the Scorcher (level 7, -3/54 HPs)
             Began as a Deep Elf Fire Elementalist on Oct 3, 2020.
             Was a High Priest of Vehumet.
             Slain by an unseen horror (5 damage)
             ... in the Dungeon (Sprint VII: "The Pits").
             The game lasted 00:06:57 (1406 turns).

rocky1 the Scorcher (Deep Elf Fire Elementalist)    Turns: 1406, Time: 00:06:58

Health: -3/54      AC: 10    Str:  5    XL:     7   Next: 89%
Magic:  17/17      EV: 12    Int: 22    God:    Vehumet [*****.]
Gold:   0          SH:  0    Dex: 15    Spells: 4/17 levels left

rFire    . . .     SeeInvis .   m - +2 quarterstaff (protect)
rCold    . . .     Faith    .   (shield currently unavailable)
rNeg     . . .     Spirit   .   k - +0 leather armour
rPois    .         Reflect  .   (no helmet)
rElec    .         Harm     .   (no cloak)
rCorr    .         Rampage  .   (no gloves)
MR       .....     NoTele   +   (no boots)
Stlth    ..........             (no amulet)
HPRegen  0.18/turn              (no ring)
MPRegen  0.15/turn              (no ring)

@: berserking (expiring), protection aura, very quick
A: no striking features
a: Renounce Religion


You were in the Dungeon.
You worshipped Vehumet.
Vehumet was extremely pleased with you.
You visited 1 branch

Inventory:

Hand Weapons
 m - a +2 quarterstaff of protection (weapon)
Armour
 a - a +0 robe
 k - a +0 leather armour (worn)
Wands
 b - a wand of polymorph (5)
Scrolls
 h - a scroll of blinking
 i - 3 scrolls of remove curse
 j - 5 scrolls of amnesia
Potions
 c - a potion of invisibility
 d - 5 potions of curing
 e - a potion of haste
 f - 3 potions of magic
 g - a potion of berserk rage
 l - a potion of heal wounds


   Skills:
 - Level 2.4 Dodging
 - Level 2.4 Stealth
 + Level 5.8 Spellcasting
 + Level 3.8 Conjurations
 + Level 17.0 Fire Magic


You had 4 spell levels left.
You knew the following spells:

 Your Spells              Type           Power        Failure   Level
a - Foxfire               Conj/Fire      ####         1%          1
b - Sticky Flame          Conj/Fire      ######..     1%          4
c - Conjure Flame         Conj/Fire      ######..     1%          3
d - Fireball              Conj/Fire      ######....   1%          5

Your spell library contained the following spells:

 Spells                   Type           Power        Failure   Level
 Olgreb's Toxic Radiance  Pois           #.......     36%         4
 Inner Flame              Hex/Fire       #####...     1%          3


Dungeon Overview and Level Annotations

Branches:
Dungeon (1/1)

Altars:
Ashenzari
Cheibriados
Dithmenos
Elyvilon
Fedhas
Gozag
Hepliaklqana
Kikubaaqudgha
Makhleb
Nemelex Xobeh
Okawaru
Qazlal
Ru
Sif Muna
Trog
Uskayaw
Vehumet
Wu Jian
Xom
Yredelemnul
Zin
The Shining One
Beogh
Jiyva
Lugonu


Message History

There is an open door here.
You thump the fire bat!
Your weapon exudes an aura of protection.
The fire bat is severely wounded.
The fire bat misses you. Something hits you!
* * * LOW HITPOINT WARNING * * *
You are too berserk!
Something hits you.
* * * LOW HITPOINT WARNING * * *
The fire bat closely misses you.
You barely miss the fire bat.
The fire bat is severely wounded.
The fire bat barely misses you. Something hits you but does no damage.
Something hits you but does no damage.
The fire bat bites you but does no damage.
You hit the fire bat.
The fire bat is almost dead.
The fire bat completely misses you. Something hits you but does no damage.
Something hits you.
You die...

#.#####'#####...<...#
#)#..[)))..##.......#
#)#..[)))..##.......#
#'###########.......#
#.......#..##########
#..#.#..#.######
#.##.##.#.#....#
#.......#'#....#
#.##.##.#÷@bG..+
#..#.#..#'#....#
#.......÷.#....#
################


You could see an eye of draining and a fire bat.

Vanquished Creatures
  Pikel (D)
  A vampire mosquito (D)
  An orc warrior (D)
  A black bear (D)
  An ice beast (D)
  2 orc priests (D)
  A worker ant (D)
  Ijyb (D)
  2 orcs (D)
  2 bats (D)
  A giant cockroach (D)
  A hobgoblin (D)
  4 jackals (D)
  A ball python (D)
  A frilled lizard (D)
  2 goblins (D)
  A leopard gecko skeleton (D)
24 creatures vanquished.

Vanquished Creatures (collateral kills)
  4 orcs (D)
  A ball python (D)
  A foxfire (D)
6 creatures vanquished.

Vanquished Creatures (others)
  113 foxfires (D)
113 creatures vanquished.

Grand Total: 143 creatures vanquished

Notes
Turn   | Place    | Note
-------+----------+-------------------------------------------
     0 | D        | rocky1 the Deep Elf Fire Elementalist began the quest for
                  | the Orb.
     0 | D        | Reached XP level 1. HP: 10/10 MP: 6/6
    11 | D        | Noticed a worker ant
    17 | D        | Killed a worker ant
    17 | D        | Reached skill level 7 in Fire Magic
    17 | D        | Reached XP level 2. HP: 14/15 MP: 1/8
   206 | D        | Found a bloodstained altar of Trog.
   206 | D        | Found a shimmering blue altar of Sif Muna.
   206 | D        | Found a viscous altar of Jiyva.
   206 | D        | Found a hazy altar of Hepliaklqana.
   206 | D        | Found an opulent altar of Gozag.
   207 | D        | Found a glowing golden altar of the Shining One.
   207 | D        | Found a glowing silver altar of Zin.
   207 | D        | Found a basalt altar of Yredelemnul.
   207 | D        | Found a shimmering altar of Xom.
   207 | D        | Found an ornate altar of the Wu Jian Council.
   207 | D        | Found a sacrificial altar of Ru.
   207 | D        | Found a stormy altar of Qazlal.
   207 | D        | Found an iron altar of Okawaru.
   207 | D        | Found a sparkling altar of Nemelex Xobeh.
   207 | D        | Found a burning altar of Makhleb.
   207 | D        | Found a blossoming altar of Fedhas.
   207 | D        | Found a white marble altar of Elyvilon.
   207 | D        | Found a shadowy altar of Dithmenos.
   207 | D        | Found a snail-covered altar of Cheibriados.
   210 | D        | Found a corrupted altar of Lugonu.
   210 | D        | Found a radiant altar of Vehumet.
   210 | D        | Found a roughly hewn altar of Beogh.
   211 | D        | Found an ancient bone altar of Kikubaaqudgha.
   211 | D        | Found a hide-covered altar of Uskayaw.
   211 | D        | Found a broken altar of Ashenzari.
   219 | D        | Became a worshipper of Vehumet
   263 | D        | Reached XP level 3. HP: 19/19 MP: 7/9
   265 | D        | Reached * piety under Vehumet
   265 | D        | Offered knowledge of Magic Dart by Vehumet.
   296 | D        | Reached ** piety under Vehumet
   349 | D        | Noticed a black bear
   357 | D        | Killed a black bear
   357 | D        | Reached skill level 11 in Fire Magic
   357 | D        | Reached XP level 4. HP: 11/24 MP: 7/10
   359 | D        | Reached *** piety under Vehumet
   531 | D        | Learned a level 4 spell: Sticky Flame
   535 | D        | Learned a level 3 spell: Conjure Flame
   582 | D        | Noticed a lemure
   583 | D        | Noticed Pikel
   583 | D        | Noticed an orc warrior
   591 | D        | Noticed a lemure
   606 | D        | Killed Pikel
   606 | D        | Offered knowledge of Sandblast by Vehumet.
   606 | D        | Reached skill level 16 in Fire Magic
   606 | D        | Reached XP level 5. HP: 25/28 MP: 8/11
   606 | D        | Reached XP level 6. HP: 29/32 MP: 8/12
   606 | D        | Reached XP level 7. HP: 33/36 MP: 8/13
   616 | D        | Reached **** piety under Vehumet
   670 | D        | Reached ***** piety under Vehumet
   863 | D        | Learned a level 5 spell: Fireball
   888 | D        | Offered knowledge of Static Discharge by Vehumet.
   918 | D        | Noticed a vampire mosquito
   930 | D        | Killed a vampire mosquito
   930 | D        | Reached skill level 5 in Spellcasting
  1078 | D        | Noticed Ijyb
  1082 | D        | Offered knowledge of Olgreb's Toxic Radiance by Vehumet.
  1095 | D        | Killed Ijyb
  1103 | D        | Reached skill level 17 in Fire Magic
  1398 | D        | Noticed a fire bat
  1403 | D        | HP: 2/54 [something (3)]
  1406 | D        | Slain by an unseen horror

Illustrated notes

Levels and vault maps discovered:
D:        pitsprint [storerooms_1, entrance_room_1, metal_vault_3, armoury_3,
          mini_pit_1, grid_room_1, main_hall_1, silver_pit, the_coven_1,
          the_vestibule_1, steel_vault_5, golden_pit, hallway_of_sentries,
          crystal_vault_5, iron_vault_4, final_vault]

Skill      XL: |  1  2  3  4  5  6  7 |
---------------+----------------------+-----
Fire Magic     | 7 11 16 17 | 17.0
Spellcasting   | 5 |  5.8
Conjurations   | 3 |  3.8
Dodging        | |  2.4
Stealth        | |  2.4

Action                   |  1- 3 |  4- 6 |  7- 9 || total
-------------------------+-------+-------+-------++-------
Melee: Quarterstaff      |       |    13 |     8 ||    21
 Cast: Foxfire           |    25 |     6 |    38 ||    69
       Conjure Flame     |       |       |     2 ||     2
       Sticky Flame      |       |       |     1 ||     1
  Use: Potion            |     2 |     4 |     4 ||    10
       Scroll            |       |       |     1 ||     1
 Stab: Invisible         |       |     1 |       ||     1
Armor: Robe              |     3 |     1 |     6 ||    10
       Leather armour    |       |       |     5 ||     5
Dodge: Dodged            |    13 |    10 |    20 ||    43

Table legend: (Time is in decaauts)
 A = Elapsed time spent in this place.
 B = Non-inter-level travel time spent in this place.
 C = Inter-level travel time spent in this place.
 D = Time resting spent in this place.
 E = Time spent auto-exploring this place.
 F = Levels seen in this place.
 G = Mean time per level.
                   A        B        C        D        E       F      G
               +--------+--------+--------+--------+--------+-----+--------+
         Total |   1415 |   1409 |      6 |    997 |      0 |   1 | 1415.0 |
       Dungeon |   1415 |   1409 |      6 |    997 |      0 |   1 | 1415.0 |
               +--------+--------+--------+--------+--------+-----+--------+

Top non-repeatable levels by time:
       D: 1415 daAuts
